 Dungeon Crawl Stone Soup version 0.19-a0-1384-gbb462ca (webtiles) character file.

885 Amnesiac the Thrower (level 8, -1/74 HPs)
             Began as an Ogre Hunter on Sept 4, 2016.
             Was a Follower of Fedhas.
             Slain by a spriggan
             ... wielding a cursed -1 short sword
              (4 damage)
             ... on level 5 of the Dungeon.
             The game lasted 00:07:30 (4467 turns).

Amnesiac the Thrower (Ogre Hunter)                  Turns: 4467, Time: 00:07:31

Health: -1/74      AC:  5    Str: 18    XL:     8   Next: 5%
Magic:  8/8        EV: 10    Int: 10    God:    Fedhas [*.....]
Gold:   179        SH:  0    Dex: 12    Spells: 0 memorised, 7 levels left

rFire  . . .     SeeInvis .     t - +2 hand axe (elec)
rCold  + . .     Gourm    .     b - +0 robe
rNeg   . . .     Faith    .     (no shield)
rPois  .         Spirit   .     (helmet restricted)
rElec  .         Dismiss  .     C - +1 cloak
rCorr  .         Reflect  .     (gloves unavailable)
MR     .....     Harm     .     (boots unavailable)
Stlth  +.........               (no amulet)
                                (no ring)
                                i - ring of protection from cold

@: no status effects
A: unfitting armour, tough skin 1
a: Evolution, Renounce Religion


You were on level 5 of the Dungeon.
You worshipped Fedhas.
Fedhas was aware of your devotion.
You were not hungry.

You visited 2 branches of the dungeon, and saw 6 of its levels.
You also visited: Sewer.

You collected 179 gold pieces.

Inventory:

Hand Weapons
 t - a +2 hand axe of electrocution (weapon)
Missiles
 d - a throwing net (quivered)
 n - 3 javelins
 y - 3 exploding tomahawks
Armour
 b - a +0 robe (worn)
 C - a +1 cloak (worn)
Jewellery
 i - a ring of protection from cold (left hand)
 v - a cursed -2 ring of protection {unknown}
Wands
 e - a wand of iceblast (8/15)
Scrolls
 j - 4 scrolls of identify {unknown}
 l - a scroll of blinking {unknown}
 m - 2 scrolls of magic mapping {unknown}
 o - 3 scrolls of remove curse {unknown}
 r - 2 scrolls of amnesia {unknown}
 s - 2 scrolls of enchant armour {unknown}
Potions
 g - 3 potions of might
 h - a potion of brilliance {unknown}
 k - a potion of heal wounds {unknown}
 p - a potion of magic {unknown}
 q - a potion of ambrosia {unknown}
 u - a potion of resistance {unknown}
 z - a potion of cure mutation {unknown}
Comestibles
 a - a royal jelly
 f - 6 bread rations
 x - a slice of pizza
 A - 2 beef jerkies
 B - a chunk of flesh


   Skills:
 - Level 2.6 Fighting
 + Level 9.7 Throwing
 - Level 1.7 Dodging
 - Level 0.7 Stealth


You had 7 spell levels left.
You didn't know any spells.

Dungeon Overview and Level Annotations

Branches:
Dungeon (5/15)             Temple (1/1) D:4

Altars:
Fedhas
Gozag
Kikubaaqudgha
Nemelex Xobeh
Qazlal
Ru
Sif Muna
Uskayaw
Vehumet
Xom
The Shining One
Lugonu


Innate Abilities, Weirdness & Mutations

You are too large for most types of armour.
You have tough skin. (AC +1)


Message History

Aim: a spriggan, wielding a short sword, wearing a robe and wearing a buckler (heavily wounded)
You throw a throwing net. The throwing net hits the spriggan.
The spriggan is caught in the net!
The spriggan is heavily wounded.
The spriggan struggles against the net.
You hit the spriggan.
The spriggan is heavily wounded.
The spriggan struggles against the net. x2
You hit the spriggan.
The spriggan is severely wounded.
The spriggan struggles against the net. x3
The net rips apart, and the spriggan comes free!
Throwing (i - inventory. (,) - cycle):
d - 2 throwing nets (quivered)
Press: ? - help, Shift-Dir - straight line, f/p - spriggan
Aim: a spriggan, wielding a short sword, wearing a robe and wearing a buckler (severely wounded)
You throw a throwing net.
The throwing net barely misses the spriggan.
The spriggan hits you with a short sword.
You die...
Fedhas appreciates your contribution to the ecosystem.

♣♣♣.♣♣ ♣.♣♣♣
.♣ ♣♣..♣ ...
♣♣.♣ ...♣♣♣
♣♣.♣
♣....♣♣♣♣.♣♣
♣♣.....♣♣
♣...♣♣♣♣
♣..@♣
......i†.♣
♣♣♣♣♣♣♣..♣
♣♣.. ♣♣♣


You could see a spriggan.

Vanquished Creatures
  Edmund (D:4)
  A phantom (D:4)
  3 big kobolds (Sewer)
  A gnoll sergeant (D:5)
  A scorpion (D:4)
  An orc priest (D:5)
  3 orc wizards
  2 hound skeletons (D:4)
  4 gnolls (D:5)
  6 adders
  4 oozes
  2 worms
  3 dart slugs (D:1)
  3 giant geckos
  9 orcs
  2 ball pythons (Sewer)
  3 giant cockroaches
  4 goblins
  6 hobgoblins
  14 jackals
  6 bats
  2 giant gecko skeletons (D:4)
  6 giant newts
  11 kobolds
  8 rats
106 creatures vanquished.

Vanquished Creatures (others)
  34 toadstools
34 creatures vanquished.

Grand Total: 140 creatures vanquished

Notes
Turn   | Place    | Note
-------+----------+-------------------------------------------
     0 | D:1      | Amnesiac the Ogre Hunter began the quest for the Orb.
     0 | D:1      | Reached XP level 1. HP: 22/22 MP: 1/1
   200 | D:3      | Reached XP level 2. HP: 17/29 MP: 2/2
   360 | D:3      | Found a glowing drain.
   368 | Sewer    | Entered a sewer
   503 | Sewer    | Noticed a big kobold
   505 | Sewer    | Noticed a big kobold
   523 | Sewer    | Killed a big kobold
   523 | Sewer    | Reached skill level 5 in Throwing
   523 | Sewer    | Reached XP level 3. HP: 18/36 MP: 3/3
   523 | Sewer    | Reached XP level 4. HP: 22/44 MP: 4/4
   543 | Sewer    | Killed a big kobold
   543 | Sewer    | Reached skill level 6 in Throwing
   543 | Sewer    | Reached XP level 5. HP: 9/50 MP: 5/5
   967 | Sewer    | Noticed a big kobold
   987 | Sewer    | Killed a big kobold
   987 | Sewer    | Reached skill level 7 in Throwing
   987 | Sewer    | Reached XP level 6. HP: 49/59 MP: 6/6
  1242 | D:4      | Noticed Edmund
  1257 | D:4      | Killed Edmund
  1471 | D:4      | Found a staircase to the Ecumenical Temple.
  1480 | D:4      | Reached skill level 8 in Throwing
  1487 | Temple   | Entered the Ecumenical Temple
  1524 | Temple   | Became a worshipper of Fedhas Madash
  2119 | D:2      | Reached XP level 7. HP: 58/66 MP: 7/7
  2211 | D:2      | Found an opulent altar of Gozag.
  2424 | D:2      | Found a sparkling altar of Nemelex Xobeh.
  2527 | D:2      | Found an ancient bone altar of Kikubaaqudgha.
  2635 | D:2      | Reached * piety under Fedhas
  2750 | D:3      | Found a hide-covered altar of Uskayaw.
  2750 | D:3      | Noticed a hand axe
  2750 | D:3      | Noticed a dagger
  3137 | D:4      | Reached skill level 9 in Throwing
  3742 | D:5      | Entered Level 5 of the Dungeon
  3742 | D:5      | Found a sparkling altar of Nemelex Xobeh.
  4036 | D:5      | Reached XP level 8. HP: 15/74 MP: 8/8
  4040 | D:5      | HP: 3/74 [orc wizard/magic dart (3)]
  4040 | D:5      | HP: 1/74 [orc wizard/dagger (2)]
  4448 | D:5      | Noticed a spriggan
  4460 | D:5      | HP: 3/74 [spriggan/short sword (8)]
  4467 | D:5      | Slain by a spriggan

Vault maps used:
D:1:      ncdulo_wetmaze
D:2:      kiku_gazebo_garden_becter,
          nicolae_gozag_cash_rules_everything_around_me,
          nemelex_xobeh_ov_fountains_minmay
D:3:      dancing_weapons_uskayaw, lightli_sewer_entry_pipes
D:4:      marbit_many_paths, grunt_ministairs_15, uniq_edmund
D:5:      kb_forest_paths, nicolae_overflow_hidden_temple, lemuel_round_altar,
          first_bread, serial_shops, nicolae_shop_stone,
          minmay_misc_feat_four_crosses
Temple:   corrupted_temple
Sewer:    sewer_co_15_rooms

Skill      XL: |  1  2  3  4  5  6  7 |
---------------+----------------------+-----
Throwing       | 5 6 7 8 9 |  9.7
Fighting       | |  2.6
Dodging        | |  1.7
Stealth        | |  0.7

Action                   |  1- 3 |  4- 6 |  7- 9 || total
-------------------------+-------+-------+-------++-------
Melee: Short sword       |    18 |       |       ||    18
       Mace              |    29 |    63 |       ||    92
       Hand axe          |       |    53 |   145 ||   198
Throw: Large rock        |     5 |     9 |    11 ||    25
       Throwing net      |       |       |     2 ||     2
  Use: Potion            |       |     2 |     1 ||     3
 Stab: Sleeping          |       |     2 |       ||     2
  Eat: Chunk             |       |     4 |     8 ||    12
Armor: Robe              |    17 |    18 |    60 ||    95
Dodge: Dodged            |    26 |    64 |   109 ||   199
